 Dungeon Crawl Stone Soup version 0.21-a0-135-g8dc100c (webtiles) character file.

170 Duffy the Cudgeler (level 5, 0/41 HPs)
             Began as a Demigod Gladiator on July 17, 2017.
             Killed from afar by afd's ghost (6 damage)
             ... with a magic dart
             ... on level 3 of the Dungeon.
             The game lasted 00:02:39 (3687 turns).

Duffy the Cudgeler (Demigod Gladiator)              Turns: 3687, Time: 00:02:39

Health: 0/41       AC:  6    Str: 19    XL:     5   Next: 5%
Magic:  7/7        EV:  9    Int: 12    God:
Gold:   43         SH:  0    Dex: 17    Spells: 4/4 levels left

rFire    . . .     SeeInvis .   a - +0 flail
rCold    . . .     Gourm    .   o - +0 shield (curse)
rNeg     . . .     Faith    .   m - +0 ring mail
rPois    .         Spirit   .   c - +0 helmet
rElec    .         Reflect  .   (no cloak)
rCorr    .         Harm     .   (no gloves)
MR       .....                  (no boots)
Stlth    ..........             (no amulet)
HPRegen  0.13/turn              (no ring)
MPRegen  0.10/turn              (no ring)

@: confused
A: high mp 1
a: no special abilities


You were on level 3 of the Dungeon.
You were very hungry.

You visited 1 branch of the dungeon, and saw 3 of its levels.

You collected 43 gold pieces.

Inventory:

Hand Weapons
 a - a +0 flail (weapon)
Missiles
 d - 3 throwing nets (quivered)
Armour
 b - a +0 leather armour
 c - a +0 helmet (worn)
 m - a +0 ring mail (worn)
 o - a cursed +0 shield (worn)
Scrolls
 e - a scroll of recharging {unknown}
 h - 3 scrolls of identify {unknown}
 i - a scroll of enchant weapon {unknown}
 j - 3 scrolls of remove curse {unknown}
 k - 2 scrolls of fear {unknown}
 n - a scroll of blinking {unknown}
 p - a scroll of fog {unknown}
 r - a scroll of teleportation {unknown}
Potions
 g - 4 potions of ambrosia {unknown}
 l - 3 potions of curing {unknown}
 q - a potion of flight {unknown}
 s - a potion of haste {unknown}
Comestibles
 f - 3 bread rations


   Skills:
 - Level 1.7 Fighting
 + Level 5.5 Maces & Flails
 - Level 1.7 Throwing
 - Level 2.6 Dodging


You had 4 spell levels left.
You didn't know any spells.

Dungeon Overview and Level Annotations

Branches:
Dungeon (3/15)

Annotations:
D:3 afd's ghost, amateur OpCj


Innate Abilities, Weirdness & Mutations

You have an increased reservoir of magic. (+10% MP)


Message History

The magic dart hits you! Afd's ghost closely misses you.
You're too confused to move!
Afd's ghost hits you.
You feel less confused. Afd's ghost casts a spell at you.
The spray of energy hits you!
You are confused.
You miss afd's ghost.
Afd's ghost is lightly damaged.
Afd's ghost hits you. Afd's ghost hits you. Afd's ghost barely misses you.
You're too confused to move!
Afd's ghost hits you.
You sock afd's ghost!
Afd's ghost is moderately damaged.
Afd's ghost casts a spell at you. The magic dart hits you!
Afd's ghost stares at you and mumbles some strange words.
The magic dart hits you!
You die...

#.#.##
#....#####
#........#
##.(.###.##
##.###.#.##
#..#.###.##
####...#####.#
#.........#.##
#..<..@.W...#
##.()......#.#
##.(........#.#
#..(...[......#
# #.
##)[........###
#. #.#
#..........#
#.. #.#
#..........#
#.##.#
#....<.....#
#.#.#
#.#####.####


You could see afd's ghost.

Vanquished Creatures
  An orc priest (D:3)
  4 adders
  An ooze (D:1)
  2 worms
  3 dart slugs (D:1)
  A leopard gecko (D:1)
  10 orcs
  3 bats
  5 giant cockroaches
  6 goblins
  12 hobgoblins
  7 jackals
  A quokka (D:3)
  A ball python (D:1)
  3 frilled lizards
  6 kobolds
  6 rats
72 creatures vanquished.

Notes
Turn   | Place    | Note
-------+----------+-------------------------------------------
     0 | D:1      | Duffy the Demigod Gladiator began the quest for the Orb.
     0 | D:1      | Reached XP level 1. HP: 17/17 MP: 3/3
    74 | D:1      | Reached skill level 3 in Maces & Flails
   148 | D:1      | Reached XP level 2. HP: 15/24 MP: 4/4
  1185 | D:1      | Reached XP level 3. HP: 29/29 MP: 5/5
  1256 | D:1      | Reached skill level 4 in Maces & Flails
  1888 | D:2      | Reached XP level 4. HP: 34/36 MP: 6/6
  2737 | D:3      | Reached skill level 5 in Maces & Flails
  3263 | D:3      | Reached XP level 5. HP: 20/41 MP: 7/7
  3631 | D:3      | Noticed afd's ghost (amateur OpCj)
  3687 | D:3      | Killed from afar by afd's ghost

Vault maps used:
D:1:      lemuel_arrival_broad_hall

Skill      XL: |  1  2  3  4 |
---------------+-------------+-----
Maces & Flails | 3 4 5 |  5.5
Fighting       | |  1.7
Throwing       | |  1.7
Dodging        | |  2.6

Action                   |  1- 3 |  4- 6 || total
-------------------------+-------+-------++-------
Melee: Flail             |   133 |   114 ||   247
 Stab: Sleeping          |     1 |       ||     1
  Eat: Chunk             |     3 |     5 ||     8
Armor: Leather armour    |    24 |       ||    24
       Ring mail         |    13 |    46 ||    59
Dodge: Dodged            |    92 |    54 ||   146
Block: Shield            |    17 |    60 ||    77
